 Dungeon Crawl Stone Soup version 0.27.1-2-g3b301248ec (webtiles) character file.

Game seed: 17612670020228711200

22 Kold the Insei (level 2, -1/18 HPs)
             Began as an Octopode Transmuter on Oct 1, 2021.
             Slain by a kobold (7 damage)
             ... on level 2 of the Dungeon.
             The game lasted 00:00:52 (1368 turns).

Kold the Insei (Octopode Transmuter)                Turns: 1368, Time: 00:00:52

Health: -1/18      AC:  1    Str:  9    XL:     2   Next: 91%
Magic:  4/5        EV: 13    Int: 21    God:
Gold:   29         SH:  0    Dex: 12    Spells: 4/5 levels left

rFire    . . .     SeeInvis .     - Unarmed
rCold    . . .     Faith    .   (no shield)
rNeg     . . .     Spirit   .   (helmet currently unavailable)
rPois    .         Reflect  .   (no amulet)
rElec    .         Harm     .   f - +6 ring of intelligence
rCorr    .         Rampage  .   (no ring)
Will     .....                  (no ring)
Stlth    ++........             (no ring)
HPRegen  0.06/turn              (no ring)
MPRegen  0.09/turn              (no ring)
                                (no ring)
                                (no ring)

@: appendages
A: tentacle spike 3, almost no armour, amphibious, 8 rings, camouflage 1,
gelatinous body 1, (nimble swimmer 1), tentacles
a: End Transformation


You were on level 2 of the Dungeon.
One of your tentacles had grown a beastly spike.
You visited 1 branch of the dungeon, and saw 2 of its levels.

You collected 29 gold pieces.

Inventory:

Jewellery
 f - a +6 ring of intelligence (left tentacle)
Scrolls
 a - a scroll of vulnerability {unknown}
 b - a scroll of torment {unknown}
 d - a scroll of enchant weapon {unknown}
 e - a scroll of identify {unknown}
 h - a scroll of teleportation {unknown}
Potions
 c - a potion of berserk rage {unknown}
 g - a potion of haste {unknown}


   Skills:
 - Level 1.0 Fighting
 - Level 2.0 Dodging
 + Level 3.5 Unarmed Combat
 - Level 2.0 Spellcasting
 + Level 2.7 Transmutations


You had 4 spell levels left.
You knew the following spells:

 Your Spells              Type           Power      Damage    Failure   Level
a - Beastly Appendage     Tmut           26%        N/A       4%          1

Your spell library contained the following spells:

 Spells                   Type           Power      Damage    Failure   Level
 Wereblood                Tmut           13%        N/A       8%          2
 Spider Form              Tmut/Pois      3%         N/A       26%         3
 Ice Form                 Ice/Tmut       7%         N/A       63%         4


Dungeon Overview and Level Annotations

Branches:
Dungeon (2/15)

Altars:


Innate Abilities, Weirdness & Mutations

One of your tentacles has grown a beastly spike.
You cannot wear most types of armour.
You are amphibious.
You can wear up to eight rings at the same time.
Your skin changes colour to match your surroundings (Stealth+).
Your rubbery body absorbs attacks. (AC +1, EV +1)
((You are camouflaged near water. (Stealth+)))
You have tentacles for arms and can constrict up to eight enemies at once.


Message History

There is a stone staircase leading up here.
A frilled lizard comes into view.
A frilled lizard is nearby!
Casting: Beastly Appendage (safe; 4% risk of failure)
Confirm with . or Enter, or press ? or * to list all spells.
One of your tentacles grows a vicious spike.
The frilled lizard hisses angrily.
You tentacle-slap the frilled lizard. Your grab misses the frilled lizard.
You pierce the frilled lizard, but do no damage.
The frilled lizard is heavily wounded.
The frilled lizard closely misses you.
You miss the frilled lizard. You grab the frilled lizard.
The frilled lizard is heavily wounded.
You constrict the frilled lizard.
You kill the frilled lizard!
No target in view!
A kobold comes into view. It is wielding a +4 dagger of speed.
A kobold is nearby!
A kobold is nearby!
You see here a frilled lizard corpse.
No target in view!
What are your orders? t - Shout!
Orders for allies: a - Attack new target. r - Retreat! s - Stop attacking. g - Guard the area. f - Follow me.
Anything else - Cancel.
You shout for attention!
You hear a shout! x2
Casting: Beastly Appendage (safe; 4% risk of failure)
Confirm with . or Enter, or press ? or * to list all spells.
You extend your transformation's duration.
The kobold hits you with a +4 dagger of speed!
You closely miss the kobold. Your grab misses the kobold.
Your tentacle spike misses the kobold.
Your squeeze misses the kobold. The kobold completely misses you.
You closely miss the kobold. Your grab misses the kobold.
Your tentacle spike misses the kobold.
The kobold hits you with a +4 dagger of speed.
The kobold hits you with a +4 dagger of speed!
You die...

#..# ..# ..#
#.# #.# ##.##
#######...#####
#.....†....@K.#
#.#####...###.#
#<# ##.## #
######.# #.#
......># #.#
######## #.#
#.. ###


You could see a kobold.

Vanquished Creatures
  3 endoplasms
  2 giant cockroaches
  3 goblins
  3 hobgoblins
  A quokka (D:1)
  A ball python (D:1)
  2 frilled lizards
  A kobold (D:1)
  4 rats
20 creatures vanquished.

Notes
Turn   | Place    | Note
-------+----------+-------------------------------------------
     0 | D:1      | Kold the Octopode Transmuter began the quest for the Orb.
     0 | D:1      | Reached XP level 1. HP: 13/13 MP: 3/3
   421 | D:1      | Reached XP level 2. HP: 12/18 MP: 3/5
  1368 | D:2      | Slain by a kobold

Illustrated notes

Levels and vault maps discovered:
D:1:      wheals_arrival_linesprint, layout_basic
D:2:      layout_loops_ring, hellmonk_ecumenical_altar_lost_god,
          minmay_crystal_water, uniq_terence

Action                   || total
-------------------------++-------
Melee: Unarmed           ||    49
       Constrict         ||    11
       Kick              ||    11
       Tentacles         ||     6
 Cast: Beastly Appendage ||    11
 Stab: Sleeping          ||     5
Armor: Skin              ||     2
Dodge: Dodged            ||    27
